[Event "Titled Tuesday Blitz March 21 Late 2023"]
[White "Adewumi, Tanitoluwa"]
[Black "Sztokbant, Bernardo Vainzoff"]
[WhiteFideId "30966396"]
[BlackFideId "2115956"]
[WhiteElo "2759"]
[BlackElo "2222"]
[Result "1-0"]
[Round "07"]
[TimeControl "180+2"]
[Date "2023.03.21"]
[WhiteClock "0:00:14"]
[BlackClock "0:00:01"]

1. e4 c5 2. Nf3 d6 3. Bb5+ Bd7 4. Bxd7+ Qxd7 5. c4 Nc6 6. Nc3 g6 7. d4 cxd4 8. Nxd4 Bg7 9. Be3 Nf6 10. f3 O-O 11. Rc1 Rac8 12. b3 Nxd4 13. Bxd4 a6 14. Na4 Qe6 15. O-O b5 16. Nb6 Rb8 17. cxb5 axb5 18. Qd3 Nd7 19. Bxg7 Kxg7 20. Nd5 Rfc8 21. Rxc8 Rxc8 22. Qxb5 Rc2 23. a4 Qe5 24. Qxd7 Qb2 25. Qg4 h5 26. Qg3 h4 27. Qh3 Qxb3 28. Qxh4 Qb2 29. Qg3 Qa2 30. Nb4 Qxa4 31. Nxc2 Qxc2 32. e5 Qc5+ 33. Qf2 Qxe5 34. Rb1 f6 35. Re1 1-0


[Site "https://www.chess.com"]

[Event "Titled Tuesday Blitz March 21 Late 2023"]
[White "Janaszak, Dawid"]
[Black "Santos Ruiz, Miguel"]
[WhiteFideId "1119206"]
[BlackFideId "22291482"]
[WhiteElo "2220"]
[BlackElo "2504"]
[Result "0-1"]
[Round "07"]
[TimeControl "180+2"]
[Date "2023.03.21"]
[WhiteClock "0:00:04"]
[BlackClock "0:00:12"]

1. e4 c5 2. Nc3 d6 3. f4 g6 4. Nf3 Bg7 5. Bc4 Nc6 6. O-O Nf6 7. d3 O-O 8. Qe1 Nd4 9. f5 Nxc2 10. Qh4 Nxa1 11. fxg6 e6 12. Ng5 fxg6 13. Bxe6+ Bxe6 14. Nxe6 Qe7 15. Nxg7 Nd5 16. Rxf8+ Rxf8 17. Qxe7 Nxe7 18. Ne6 Rc8 19. Bg5 Kf7 20. Nf4 Nc2 21. Kf2 Nb4 22. Ke2 Nec6 23. a3 Nd4+ 24. Kd2 Nbc6 25. Nfd5 Ne5 26. Bf4 Rc6 27. h3 a6 28. b4 cxb4 29. axb4 Nb3+ 30. Kc2 Nd4+ 31. Kd2 Nb5 32. Ne2 Na3 33. d4 Rc2+ 34. Kd1 Nd3 35. Be3 Nb2+ 36. Ke1 Nac4 37. Bf4 Nd3+ 38. Kd1 Ra2 39. Bd2 Rxd2# 0-1


[Site "https://www.chess.com"]

[Event "Titled Tuesday Blitz March 21 Late 2023"]
[White "Mazurkiewicz, Michal"]
[Black "Bashirli, Nail"]
[WhiteFideId "1124943"]
[BlackFideId "13406809"]
[WhiteElo "2054"]
[BlackElo "2338"]
[Result "1-0"]
[Round "07"]
[TimeControl "180+2"]
[Date "2023.03.21"]
[WhiteClock "0:00:13"]
[BlackClock "0:00:09"]

1. e4 c5 2. Nf3 a6 3. g3 Nc6 4. Bg2 e6 5. d3 g6 6. O-O Bg7 7. Re1 Nge7 8. e5 O-O 9. Nc3 Qc7 10. Bf4 b6 11. Qd2 Bb7 12. Bh6 Nd4 13. Nxd4 cxd4 14. Ne4 Bxe4 15. Bxe4 Rac8 16. Rac1 d6 17. Bxg7 Kxg7 18. f4 Rcd8 19. Qb4 dxe5 20. fxe5 a5 21. Qd2 Nc6 22. Bxc6 Qxc6 23. Qf4 Rd5 24. Qf6+ Kg8 25. Re4 Qc7 26. h4 Qd8 27. Qf4 Qe7 28. Rf1 Rc8 29. Rf2 Rdc5 30. Ree2 h5 31. Qxd4 Qc7 32. Qf4 Rd5 33. d4 b5 34. c3 b4 35. Re3 Qd7 36. Ref3 bxc3 37. bxc3 Rc7 38. Qg5 Rb5 39. Rxf7 Rb1+ 40. Kh2 Qxf7 41. Rxf7 Kxf7 42. Qf6+ Ke8 43. Qxg6+ Kd8 44. Qxb1 Rxc3 45. Qb6+ Ke7 46. Qd6+ Kf7 47. Qd7+ Kf8 48. Qxe6 Rc2+ 49. Kh3 Rc1 50. d5 Rh1+ 51. Kg2 Rd1 52. d6 Rd2+ 53. Kh3 Rxd6 54. exd6 1-0


[Site "https://www.chess.com"]

[Event "Titled Tuesday Blitz March 21 Late 2023"]
[White "Jovic, Stanoje"]
[Black "Bilych, Olexiy"]
[WhiteFideId "905020"]
[BlackFideId "14156504"]
[WhiteElo "2236"]
[BlackElo "2320"]
[Result "1-0"]
[Round "07"]
[TimeControl "180+2"]
[Date "2023.03.21"]
[WhiteClock "0:00:11"]
[BlackClock "0:00:04"]

1. c4 Nf6 2. g3 e5 3. Bg2 c6 4. d4 exd4 5. Qxd4 Na6 6. Nf3 Bc5 7. Qe5+ Qe7 8. Qxe7+ Bxe7 9. O-O Nb4 10. a3 Na6 11. b4 d5 12. Nbd2 O-O 13. Bb2 Be6 14. Ng5 Bg4 15. h3 h6 16. Nxf7 Rxf7 17. hxg4 dxc4 18. Nxc4 Nxg4 19. f3 Nf6 20. Ne5 Rff8 21. Bh3 Nc7 22. Rad1 Rad8 23. e4 Rxd1 24. Rxd1 Ra8 25. Ng6 Kf7 26. Bf5 a5 27. Be5 Nb5 28. Nxe7 Kxe7 29. a4 Na3 30. bxa5 Nc4 31. Bc7 Nxa5 32. Bd6+ Kf7 33. Rb1 Ne8 34. Bf4 Rd8 35. e5 Nc7 36. g4 Ne6 37. Bg3 Rd7 38. f4 Nc4 39. Bxe6+ Kxe6 40. f5+ Ke7 41. e6 Nd2 42. Rb6 Nc4 43. Rb4 Rd1+ 44. Kg2 Rd2+ 45. Kf1 b5 46. axb5 cxb5 47. Rxb5 Ne3+ 48. Ke1 Rg2 49. Rb7+ Ke8 50. Bf2 Nc2+ 51. Kf1 Rxg4 52. Bc5 Rf4+ 53. Kg1 1-0


[Site "https://www.chess.com"]

[Event "Titled Tuesday Blitz March 21 Late 2023"]
[White "EREBUNI91"]
[Black "Pniaczek, Marek"]
[BlackFideId "21800421"]
[WhiteElo "2720"]
[BlackElo "2138"]
[Result "0-1"]
[Round "07"]
[TimeControl "180+2"]
[Date "2023.03.21"]
[WhiteClock "0:00:15"]
[BlackClock "0:00:03"]

1. e4 e5 2. Nf3 Nc6 3. Bb5 a6 4. Ba4 Nf6 5. O-O Nxe4 6. Re1 Nd6 7. Nxe5 Be7 8. Qe2 Nd4 9. Qg4 N4f5 10. c4 O-O 11. c5 Nh6 12. Qf3 Ndf5 13. d3 Bxc5 14. Nc3 d6 15. Nc4 Nd4 16. Qh5 b5 17. Bxh6 gxh6 18. Nd5 Qg5 19. Ne7+ Kh8 20. Qd1 Bb7 21. Ne3 Nf3+ 22. Kh1 Nxe1 23. Qxe1 Bxe3 24. Qc3+ Qe5 25. Qxc7 bxa4 26. Qxb7 Bxf2 27. Nc6 Qg7 28. Rf1 Bc5 29. Ne7 Rfe8 30. Nf5 Qf6 31. Qf3 Rg8 32. h3 Qxb2 33. Nxh6 Rg7 34. Qh5 Rf8 35. Qf3 Qe5 36. Nf5 Qf6 37. Qe2 Qg6 38. Rf3 Rfg8 39. Nxg7 Qxg7 40. Qe4 Qa1+ 41. Kh2 Qg1# 0-1


[Site "https://www.chess.com"]

[Event "Titled Tuesday Blitz March 21 Late 2023"]
[White "Fernandez Guillen, Ernesto J."]
[Black "Bochnicka, Vladimir"]
[WhiteFideId "3512428"]
[BlackFideId "14943450"]
[WhiteElo "2423"]
[BlackElo "2094"]
[Result "1-0"]
[Round "07"]
[TimeControl "180+2"]
[Date "2023.03.21"]
[WhiteClock "0:00:14"]
[BlackClock "0:00:04"]

1. e4 c5 2. Nf3 Nc6 3. Nc3 e5 4. Bb5 Nge7 5. O-O g6 6. Re1 Bg7 7. d3 O-O 8. a4 a6 9. Bc4 d6 10. Be3 h6 11. Qd2 Kh7 12. Nd5 f5 13. Ng5+ hxg5 14. Bxg5 f4 15. f3 Bh6 16. Bh4 g5 17. Bf2 Nxd5 18. Bxd5 Ne7 19. Ba2 Rb8 20. h3 Rf6 21. b4 b6 22. a5 bxa5 23. bxc5 dxc5 24. Bxc5 Nc6 25. Bd5 Bf8 26. Bf2 Nb4 27. d4 Bd6 28. c4 Nxd5 29. exd5 Bb4 30. Qd3+ Bf5 31. Re4 exd4 32. Bxd4 Rf7 33. Qe2 Qd7 34. Re5 Rc8 35. h4 Bc5 36. Bxc5 Rxc5 37. hxg5 Kg6 38. Qf2 Qb7 39. Qxc5 Qb2 40. Rae1 Rh7 41. R5e2 Qc3 42. Qb6+ Kxg5 43. Qd8+ Qf6 44. Qxf6+ Kxf6 45. c5 Bd3 46. Rd2 Bb5 47. c6 Rc7 48. d6 Rc8 49. d7 Rd8 50. c7 1-0


[Site "https://www.chess.com"]

[Event "Titled Tuesday Blitz March 21 Late 2023"]
[White "Martynov, Pavel"]
[Black "Bolanos, Fernando"]
[WhiteFideId "4101260"]
[BlackFideId "3304094"]
[WhiteElo "2314"]
[BlackElo "2166"]
[Result "0-1"]
[Round "07"]
[TimeControl "180+2"]
[Date "2023.03.21"]
[WhiteClock "0:01:28"]
[BlackClock "0:02:08"]

1. e4 c5 2. Nf3 d6 3. Bb5+ Nd7 4. O-O a6 5. Bxd7+ Bxd7 6. c3 g6 7. Re1 Bg7 8. d4 cxd4 9. cxd4 Rc8 10. Nc3 Nh6 11. h3 O-O 12. Qb3 b5 13. Bg5 Kh8 14. e5 dxe5 15. dxe5 Nf5 16. Rad1 Qc7 17. Nd5 Qb7 18. Nxe7 Be6 19. Nd5 Rc5 20. Be3 Rxd5 21. Rxd5 Bxd5 22. Qb4 Bxf3 0-1


[Site "https://www.chess.com"]

[Event "Titled Tuesday Blitz March 21 Late 2023"]
[White "Todev, Simeon"]
[Black "Skvortsov, Andrei"]
[WhiteFideId "2925133"]
[BlackFideId "24108600"]
[WhiteElo "1938"]
[BlackElo "2259"]
[Result "1-0"]
[Round "07"]
[TimeControl "180+2"]
[Date "2023.03.21"]
[WhiteClock "0:00:09"]
[BlackClock "0:00:04"]

1. e4 c5 2. Nf3 d6 3. c3 Nf6 4. Bd3 g5 5. Nxg5 Rg8 6. h4 h6 7. Nh3 Rxg2 8. Nf4 Rg4 9. Nd5 Nxe4 10. f3 e6 11. fxg4 exd5 12. Bxe4 dxe4 13. d3 exd3 14. Qxd3 Bxg4 15. Bf4 Qe7+ 16. Kf2 Qf6 17. Kg3 Bf5 18. Re1+ Kd8 19. Qb5 Qg6+ 20. Kf2 Bd7 21. Qe2 Bc6 22. Rg1 Qf5 23. Qg4 Qxg4 24. Rxg4 Nd7 25. Rg8 Kc7 26. Bxh6 Bd5 27. Na3 f5 28. Rh8 a6 29. c4 Be4 30. Rd1 Rd8 31. Bg5 Re8 32. Bh6 Rd8 33. h5 b6 34. Bxf8 Rxf8 35. Rxf8 Nxf8 36. h6 f4 37. Re1 Bf5 38. Re7+ Kd8 39. Rf7 1-0


[Site "https://www.chess.com"]

[Event "Titled Tuesday Blitz March 21 Late 2023"]
[White "Durarbayli, Vasif"]
[Black "Sielecki, Christof"]
[WhiteFideId "13402935"]
[BlackFideId "4620437"]
[WhiteElo "2543"]
[BlackElo "2443"]
[Result "1-0"]
[Round "07"]
[TimeControl "180+2"]
[Date "2023.03.21"]
[WhiteClock "0:00:01"]
[BlackClock "0:00:11"]

1. e4 c5 2. Nf3 a6 3. Be2 Nc6 4. O-O Nf6 5. e5 Ng4 6. d4 cxd4 7. Bf4 d6 8. exd6 e5 9. Bg3 Bxd6 10. c3 O-O 11. h3 Nf6 12. cxd4 exd4 13. Bh4 Bf5 14. Bd3 Bxd3 15. Qxd3 h6 16. Nbd2 Rc8 17. a3 Re8 18. Rfe1 Rxe1+ 19. Rxe1 Bf8 20. g4 g5 21. Bg3 Bd6 22. Qf5 Bxg3 23. fxg3 Kg7 24. h4 Ne7 25. Qd3 Qd6 26. Kg2 Nxg4 27. hxg5 Ng6 28. Ne4 Qd5 29. gxh6+ Nxh6 30. Neg5 Nf5 31. Re5 1-0


[Site "https://www.chess.com"]

[Event "Titled Tuesday Blitz March 21 Late 2023"]
[White "Ismagilov, Damir"]
[Black "Chigaev, Maksim"]
[WhiteFideId "34199982"]
[BlackFideId "4108116"]
[WhiteElo "2078"]
[BlackElo "2547"]
[Result "0-1"]
[Round "07"]
[TimeControl "180+2"]
[Date "2023.03.21"]
[WhiteClock "0:00:06"]
[BlackClock "0:00:03"]

1. d4 Nf6 2. Nf3 d5 3. Bg5 c5 4. Bxf6 gxf6 5. dxc5 Nc6 6. e3 e6 7. Nbd2 Bxc5 8. Bd3 e5 9. e4 f5 10. exd5 Qxd5 11. Qe2 Be7 12. Bc4 Qa5 13. O-O e4 14. Ng5 Bxg5 15. Qh5 Bxd2 16. Qxf7+ Kd8 17. Qf6+ Kc7 18. Qxh8 Qe5 19. Qxh7+ Bd7 20. h3 Rh8 21. Qf7 Bb4 22. Rad1 Bd6 23. g3 e3 24. f4 Qc5 25. Be2 Nd4 26. Rxd4 Qxd4 27. Rd1 Qc5 28. c3 Rd8 29. Qf6 Qb6 30. b4 Ba4 31. Rd4 Kb8 32. h4 Bc7 33. Rxd8+ Bxd8 34. Qxf5 Bc6 35. Qe5+ Qc7 36. Qh8 a5 37. h5 axb4 38. cxb4 Be4 39. h6 Ka7 40. Qd4+ Qb6 41. Qxe4 Qxh6 42. Qxe3+ Bb6 0-1


[Site "https://www.chess.com"]

[Event "Titled Tuesday Blitz March 21 Late 2023"]
[White "Di Berardino, Diego Rafael"]
[Black "Ozen, Bahadir"]
[WhiteFideId "2105446"]
[BlackFideId "6337058"]
[WhiteElo "2432"]
[BlackElo "2503"]
[Result "1/2-1/2"]
[Round "07"]
[TimeControl "180+2"]
[Date "2023.03.21"]
[WhiteClock "0:01:13"]
[BlackClock "0:01:19"]

1. c4 e6 2. g3 d5 3. Bg2 Nf6 4. Nf3 dxc4 5. Qa4+ c6 6. Qxc4 b5 7. Qc2 Bb7 8. O-O c5 9. d3 Nbd7 10. a4 a6 11. Nc3 Qb6 12. axb5 axb5 13. Rxa8+ Bxa8 14. d4 Be7 15. dxc5 Bxc5 16. Qb3 Bc6 17. Ne1 Bxg2 18. Nxg2 b4 19. Na4 Qb5 20. Nxc5 Nxc5 21. Qf3 O-O 1/2-1/2


[Site "https://www.chess.com"]

[Event "Titled Tuesday Blitz March 21 Late 2023"]
[White "Filgueira, Hernan"]
[Black "Bartel, Mateusz"]
[WhiteFideId "101770"]
[BlackFideId "1112635"]
[WhiteElo "2363"]
[BlackElo "2521"]
[Result "1/2-1/2"]
[Round "07"]
[TimeControl "180+2"]
[Date "2023.03.21"]
[WhiteClock "0:00:05"]
[BlackClock "0:00:03"]

1. c4 Nf6 2. Nc3 e6 3. Nf3 d5 4. e3 a6 5. b3 Be7 6. Bb2 O-O 7. d4 b6 8. Bd3 Bb7 9. O-O Nbd7 10. Rc1 Ne4 11. Ne2 f5 12. Ng3 c6 13. Qe2 Bd6 14. Rfd1 b5 15. cxd5 cxd5 16. a4 bxa4 17. bxa4 Qa5 18. Ra1 Rfc8 19. Rdb1 Rc7 20. Ba3 Bxa3 21. Rxa3 Rac8 22. Raa1 Nc3 23. Qe1 Nf6 24. Ne5 Bc6 25. h3 Be8 26. Rc1 Qb4 27. a5 Bb5 28. Bxb5 Qxb5 29. Rc2 Nce4 30. Rxc7 Rxc7 31. Nxe4 Nxe4 32. f3 Nf6 33. Qb1 Rb7 34. Qc1 Qe8 35. Rb1 Rxb1 36. Qxb1 Qc8 37. Qb6 h6 38. Kh2 Kh7 39. Qd6 h5 40. Qe7 h4 41. Qf7 Qe8 42. Qb7 Qa4 43. Qf7 Qd1 44. Qg6+ Kg8 45. Qf7+ Kh7 46. Qg6+ Kg8 47. Qf7+ Kh7 1/2-1/2


[Site "https://www.chess.com"]

[Event "Titled Tuesday Blitz March 21 Late 2023"]
[White "Riff, Vincent"]
[Black "Pakleza, Zbigniew"]
[WhiteFideId "617776"]
[BlackFideId "1119290"]
[WhiteElo "2369"]
[BlackElo "2410"]
[Result "1/2-1/2"]
[Round "07"]
[TimeControl "180+2"]
[Date "2023.03.21"]
[WhiteClock "0:00:14"]
[BlackClock "0:00:04"]

1. e4 d6 2. Nc3 Nf6 3. d4 c6 4. Nf3 Bg4 5. Be3 e6 6. Qd2 d5 7. Bd3 Be7 8. h3 Bh5 9. e5 Nfd7 10. g4 Bg6 11. h4 c5 12. Bxg6 hxg6 13. h5 Nc6 14. O-O-O gxh5 15. Rxh5 Rxh5 16. gxh5 cxd4 17. Bxd4 Qa5 18. Kb1 O-O-O 19. Rg1 Bf8 20. Qf4 Nxd4 21. Nxd4 Qc5 22. Nb3 Qe7 23. Nb5 Kb8 24. Re1 Qb4 25. Qxb4 Bxb4 26. Rg1 Rg8 27. f4 Bf8 28. N5d4 Rh8 29. Rg5 Rh7 30. a3 Be7 31. Rg2 a6 32. c3 Kc7 33. Nd2 Nc5 34. N2f3 Ne4 35. f5 Kd7 36. fxe6+ fxe6 37. Rg6 Rxh5 38. Nxe6 Rh6 39. Nf4 Rxg6 40. Nxg6 Ke6 41. Nd4+ Kf7 42. Nf4 g5 43. Nxd5 g4 44. e6+ Kf8 45. Nf5 g3 46. Nde3 Bc5 47. Ng2 Bf2 48. Nf4 Ng5 49. e7+ Kf7 50. Nd5 g2 51. Nd6+ Kg7 52. e8=Q g1=Q+ 53. Ka2 Bc5 54. Qe5+ Kg6 55. Ne7+ Kh5 56. Nef5 Bxd6 57. Qxd6 Qf2 58. Ng7+ Kg4 59. Qd5 Qf6 60. Ne8 Qc6 61. Qg8 Kf4 62. Qf8+ Kg4 63. Nf6+ Kg3 64. Qg8 Kf4 65. Qd8 Ne6 66. Qe7 Kf5 67. Qf7 Qc4+ 68. Kb1 Qf1+ 69. Ka2 Qc4+ 70. Kb1 Qf1+ 71. Kc2 Qe2+ 72. Kc1 Qf1+ 73. Kc2 Qe2+ 74. Kb3 Qb5+ 75. Ka2 Qc4+ 1/2-1/2


[Site "https://www.chess.com"]

[Event "Titled Tuesday Blitz March 21 Late 2023"]
[White "Timmermans, Mark"]
[Black "Drori, Saar"]
[WhiteFideId "1026399"]
[BlackFideId "2812444"]
[WhiteElo "2460"]
[BlackElo "2322"]
[Result "1-0"]
[Round "07"]
[TimeControl "180+2"]
[Date "2023.03.21"]
[WhiteClock "0:02:01"]
[BlackClock "0:00:02"]

1. b4 e5 2. Bb2 Bxb4 3. Bxe5 Nf6 4. Nc3 c6 5. a3 Be7 6. e3 O-O 7. Nf3 d5 8. Be2 b6 9. O-O Nbd7 10. Bg3 Bb7 11. d3 c5 12. Nb1 Nh5 13. Nbd2 Nxg3 14. hxg3 Nf6 15. c4 Re8 16. d4 Rc8 17. a4 cxd4 18. Nxd4 Bb4 19. cxd5 Nxd5 20. Bf3 Ba6 21. Qb3 Bxd2 22. Bxd5 Re7 23. Rfd1 Bc3 24. Nc6 Rxc6 25. Bxc6 Bd2 26. Bd5 Rd7 27. Rxd2 1-0


[Site "https://www.chess.com"]

[Event "Titled Tuesday Blitz March 21 Late 2023"]
[White "Yuan, Qingyu"]
[Black "Domingo Nunez, Alejandro"]
[WhiteFideId "8609772"]
[BlackFideId "22245561"]
[WhiteElo "2359"]
[BlackElo "2230"]
[Result "0-1"]
[Round "07"]
[TimeControl "180+2"]
[Date "2023.03.21"]
[WhiteClock "0:00:08"]
[BlackClock "0:00:12"]

1. e4 g6 2. d4 Bg7 3. Nc3 c6 4. f4 d5 5. e5 f6 6. Nf3 Nh6 7. Bd3 O-O 8. O-O Bg4 9. Ne2 c5 10. c3 cxd4 11. cxd4 Nc6 12. h3 Bxf3 13. Rxf3 fxe5 14. dxe5 Nf5 15. Kh1 e6 16. Bd2 Nh4 17. Rf1 Qb6 18. b3 Rac8 19. Rc1 Nb4 20. Bb1 a5 21. Be1 Nf5 22. Bf2 Ne3 23. Qe1 d4 24. Rg1 Nbd5 25. Qd2 Rxc1 26. Rxc1 Bxe5 27. Bg1 Nxf4 28. Nxf4 Bxf4 29. Qd3 Qd6 30. Re1 Qd5 31. Bxe3 Bxe3 32. Re2 Rf1+ 33. Kh2 Qe5+ 34. g3 Qf6 35. Qe4 Rf2+ 36. Rxf2 Qxf2+ 37. Qg2 Qe1 38. Be4 Kg7 39. Bxb7 d3 40. Bf3 d2 41. h4 d1=Q 42. Bxd1 Qxd1 43. Qe4 Qe2+ 44. Kh3 Qf1+ 45. Kh2 Bg1+ 46. Kh1 Bf2+ 47. Kh2 Qg1+ 48. Kh3 Qxg3# 0-1


[Site "https://www.chess.com"]

[Event "Titled Tuesday Blitz March 21 Late 2023"]
[White "Rastbod, Ali"]
[Black "Hamitevici, Vladimir"]
[WhiteFideId "12567477"]
[BlackFideId "13902393"]
[WhiteElo "2211"]
[BlackElo "2401"]
[Result "1/2-1/2"]
[Round "07"]
[TimeControl "180+2"]
[Date "2023.03.21"]
[WhiteClock "0:00:04"]
[BlackClock "0:00:07"]

1. Nf3 d5 2. c4 e6 3. g3 Be7 4. Bg2 Nf6 5. O-O O-O 6. b3 a5 7. Nc3 d4 8. Nb5 a4 9. Nbxd4 e5 10. Nb5 axb3 11. Qxb3 c6 12. Nc3 Nbd7 13. d3 Nc5 14. Qc2 Nfd7 15. e3 Bf6 16. Bb2 Re8 17. Nd2 Nb6 18. Nde4 Qxd3 19. Qc1 Nxe4 20. Nxe4 Be7 21. c5 Nc4 22. Rd1 Qe2 23. Bc3 Be6 24. Nd6 Bxd6 25. cxd6 Rxa2 26. Rxa2 Qxa2 27. Bb4 Rd8 28. f4 exf4 29. gxf4 f6 30. e4 Qb3 31. Qb1 Qxb1 32. Rxb1 b6 33. f5 Bf7 34. e5 c5 35. e6 Rxd6 36. exf7+ Kxf7 37. Be1 Ne3 38. Bg3 Rd2 39. Be4 Rd4 40. Bf3 Nxf5 41. Bf2 Rb4 42. Rxb4 cxb4 43. Bd5+ Ke7 44. Bxb6 Kd6 45. Bg8 h6 46. Kf2 Ne7 47. Bb3 Nd5 48. Bd4 Ne7 49. Kf3 Nc6 50. Bb2 Ne5+ 51. Ke4 g6 52. Bc1 f5+ 53. Kd4 Nf3+ 54. Kc4 g5 55. h3 g4 56. hxg4 fxg4 57. Bxh6 g3 58. Bf4+ Ke6 59. Bxg3 Nd2+ 60. Kxb4+ Nxb3 1/2-1/2


[Site "https://www.chess.com"]

[Event "Titled Tuesday Blitz March 21 Late 2023"]
[White "Martic, Ivan"]
[Black "Matinian, Nikita"]
[WhiteFideId "929301"]
[BlackFideId "24129100"]
[WhiteElo "2360"]
[BlackElo "2422"]
[Result "1/2-1/2"]
[Round "07"]
[TimeControl "180+2"]
[Date "2023.03.21"]
[WhiteClock "0:00:07"]
[BlackClock "0:00:02"]

1. d4 Nf6 2. Bg5 d5 3. Bxf6 gxf6 4. e3 c5 5. c4 Nc6 6. Nc3 cxd4 7. exd4 dxc4 8. Bxc4 Qxd4 9. Qb3 e6 10. Nge2 Qb6 11. Bb5 a6 12. Bxc6+ Qxc6 13. O-O Rg8 14. Ng3 h5 15. Rac1 Be7 16. Rfd1 h4 17. Nd5 exd5 18. Rxc6 bxc6 19. Qc2 Kd7 20. Nf5 Bf8 21. Qc3 Rg6 22. Nxh4 Rh6 23. Nf5 Rg6 24. h4 Rb8 25. h5 Bb4 26. Qd4 Rg8 27. Qxf6 Kc7 28. Qxf7+ Bd7 29. Qf6 Rbe8 30. Qd4 a5 31. a3 Bf8 32. Qf4+ Kb6 33. h6 Re4 34. Qb8+ Kc5 35. Nd6 Reg4 36. Nb7+ Kc4 37. g3 Rxg3+ 38. Qxg3 Rxg3+ 39. fxg3 Bxh6 40. Nxa5+ Kb5 41. b4 Bg4 42. Rf1 Be3+ 43. Kh2 d4 44. Re1 Bf2 45. Re5+ Ka4 46. Nxc6 d3 47. Rd5 Be2 48. g4 Be3 49. Kh3 d2 50. g5 d1=Q 51. Rxd1 Bxd1 52. g6 Bc2 53. Kg4 Bxg6 54. Kf3 Bc1 55. Ne7 Bc2 56. Nd5 Bxa3 57. b5 Kxb5 58. Nc3+ Kc4 59. Ne4 Kd3 60. Nf2+ Kc3 61. Ng4 Bc5 62. Ne3 Bd3 63. Ng4 Kd2 64. Nf2 Be2+ 65. Kg2 Ke1 66. Ne4 Be3 67. Ng3 Bg4 68. Ne4 Ke2 69. Ng3+ Kd3 70. Nf1 Bf4 71. Nh2 Be2 72. Nf3 Ke3 73. Ng1 Bg4 74. Nh3 Be5 75. Ng1 Bf5 76. Nh3 Be4+ 77. Kg1 Bf6 78. Kh2 Bf3 79. Kg3 Be5+ 80. Kh4 Bd5 81. Kg5 Be6 82. Kh4 Kd4 83. Ng5 Bd5 84. Kg4 Bf6 85. Kf5 Bd8 86. Ne6+ Kc4 87. Nxd8 1/2-1/2


[Site "https://www.chess.com"]

[Event "Titled Tuesday Blitz March 21 Late 2023"]
[White "angelgab3"]
[Black "Vetoshko, Volodymyr"]
[BlackFideId "14122480"]
[WhiteElo "2531"]
[BlackElo "2422"]
[Result "0-1"]
[Round "07"]
[TimeControl "180+2"]
[Date "2023.03.21"]
[WhiteClock "0:01:23"]
[BlackClock "0:01:14"]

1. e4 c5 2. Nf3 e6 3. d4 cxd4 4. Nxd4 a6 5. Bd3 Bc5 6. Nb3 Ba7 7. Qe2 Ne7 8. O-O O-O 9. e5 Nbc6 10. N1d2 Ng6 11. Nf3 b5 12. Bg5 Qc7 13. Rfe1 Bb7 14. h4 Ncxe5 15. Nxe5 Nxe5 16. Qxe5 Qxe5 17. Rxe5 f6 18. Re2 fxg5 19. hxg5 Rf4 20. Rae1 Raf8 0-1


[Site "https://www.chess.com"]

[Event "Titled Tuesday Blitz March 21 Late 2023"]
[White "Do Valle Cardoso, Lucas"]
[Black "Astafurov, Arseniy"]
[WhiteFideId "2163144"]
[BlackFideId "24175218"]
[WhiteElo "2383"]
[BlackElo "2163"]
[Result "1-0"]
[Round "07"]
[TimeControl "180+2"]
[Date "2023.03.21"]
[WhiteClock "0:00:21"]
[BlackClock "0:00:02"]

1. e4 c5 2. Nf3 e6 3. d4 cxd4 4. Nxd4 Nc6 5. Nc3 Qc7 6. Be2 a6 7. Nxc6 bxc6 8. Qd3 d5 9. Qg3 Qxg3 10. hxg3 Bb4 11. Bd2 Nf6 12. g4 c5 13. g5 Nxe4 14. Nxe4 dxe4 15. c3 Ba5 16. Be3 Rb8 17. O-O-O Bb6 18. Rh4 Bb7 19. Rdh1 Rc8 20. Rxh7 Rxh7 21. Rxh7 g6 22. Bc4 Ke7 23. Kc2 Bd5 24. Bxa6 Ra8 25. Bb5 Rxa2 26. c4 Bb7 27. Rh8 Ra8 28. Rh1 Ba6 29. Ra1 Bb7 30. Rd1 Rd8 31. Rxd8 Kxd8 32. b4 Ke7 33. bxc5 Bc7 34. g3 Be5 35. Kb3 Bc8 36. Kb4 Bc7 37. Bc6 Ba6 38. Bxe4 Kd7 39. c6+ Kc8 40. Bc2 Bd8 41. Ba4 Be7+ 42. Bc5 Bxg5 43. Bb5 Bxb5 44. cxb5 Kc7 45. Ka5 Bd2+ 46. Ka6 Be1 47. g4 f5 48. f3 e5 49. Be3 e4 50. Bf4+ Kc8 51. b6 1-0


[Site "https://www.chess.com"]

[Event "Titled Tuesday Blitz March 21 Late 2023"]
[White "Shohat, Yotam"]
[Black "Spata, German"]
[WhiteFideId "2813955"]
[BlackFideId "113026"]
[WhiteElo "2226"]
[BlackElo "2238"]
[Result "1-0"]
[Round "07"]
[TimeControl "180+2"]
[Date "2023.03.21"]
[WhiteClock "0:00:38"]
[BlackClock "0:00:27"]

1. e4 e5 2. Nf3 Nf6 3. d3 Nc6 4. g3 Bc5 5. Bg2 d6 6. O-O O-O 7. c3 a6 8. a4 Bg4 9. h3 Be6 10. d4 Bc4 11. dxc5 Bxf1 12. Qxf1 Nxe4 13. Nxe5 Nxg3 14. Nxc6 bxc6 15. fxg3 dxc5 16. Be3 Qd6 17. Bf4 Qe6 18. Na3 Rab8 19. Nc4 Rfe8 20. Bxc7 Rb7 21. Bf4 h6 22. Kh2 Qe2 23. Qxe2 Rxe2 24. Rd1 g5 25. Be3 Rc2 26. Bxc5 Rb8 27. Kg1 Re8 28. Rd2 Re1+ 29. Kf2 Rec1 30. Rxc2 Rxc2+ 31. Kf3 1-0


[Site "https://www.chess.com"]

[Event "Titled Tuesday Blitz March 21 Late 2023"]
[White "Turayev, Shahruh"]
[Black "Roberson, Peter T"]
[WhiteFideId "14003856"]
[BlackFideId "412384"]
[WhiteElo "2171"]
[BlackElo "2346"]
[Result "0-1"]
[Round "07"]
[TimeControl "180+2"]
[Date "2023.03.21"]
[WhiteClock "0:00:17"]
[BlackClock "0:00:21"]

1. e4 e5 2. Nc3 Nf6 3. Bc4 Bc5 4. d3 d6 5. f4 Bg4 6. Nf3 Nc6 7. h3 Bxf3 8. Qxf3 Nd4 9. Qf2 Nb3 10. Qg3 Nxa1 11. Qxg7 Rf8 12. fxe5 Nxc2+ 13. Kd1 Ne3+ 14. Bxe3 Bxe3 15. exf6 Bd4 16. Nd5 c6 17. Bb3 Qd7 18. Ne7 Bxf6 19. Qxf6 Qxe7 20. Qf5 Qe5 21. Qxh7 Qxb2 22. Rf1 Qa1+ 23. Ke2 Qb2+ 24. Ke3 O-O-O 25. Rxf7 Rxf7 26. Qxf7 Qxg2 27. Be6+ Kb8 28. Bf5 Qg3+ 29. Ke2 Qg2+ 30. Ke3 Qg5+ 31. Ke2 a5 32. a4 Rg8 33. Qe6 Qg2+ 34. Kd1 Qg1+ 35. Kd2 Rg2+ 36. Kc3 Qc1+ 37. Kd4 Qc5# 0-1


[Site "https://www.chess.com"]

[Event "Titled Tuesday Blitz March 21 Late 2023"]
[White "cryptoguru02"]
[Black "Thomforde-Toates, Noah"]
[BlackFideId "30951992"]
[WhiteElo "2507"]
[BlackElo "2609"]
[Result "1-0"]
[Round "07"]
[TimeControl "180+2"]
[Date "2023.03.21"]
[WhiteClock "0:00:10"]
[BlackClock "0:00:07"]

1. d4 Nf6 2. c4 g6 3. Nc3 Bg7 4. e4 d6 5. Be2 O-O 6. Be3 c5 7. d5 e6 8. Nf3 exd5 9. cxd5 b5 10. e5 dxe5 11. Bxc5 Re8 12. Bxb5 e4 13. Nd2 Bd7 14. Be2 Bf5 15. Nc4 Nbd7 16. Be3 Rb8 17. O-O Nb6 18. Nxb6 axb6 19. Qd2 h5 20. h3 Nd7 21. Bg5 e3 22. Bxe3 Qh4 23. Bg5 Bxc3 24. bxc3 Rxe2 25. Qxe2 Qxg5 26. f4 Qf6 27. g4 Qxc3 28. gxf5 Qxh3 29. fxg6 Qg3+ 30. Qg2 Qe3+ 31. Rf2 Nf6 32. Qf3 Qc5 33. Kg2 Ra8 34. Rd1 fxg6 35. d6 Ra3 36. Rd3 Rxd3 37. Qxd3 Qc6+ 38. Rf3 Kg7 39. Kg3 Ne4+ 40. Kg2 Nxd6 41. Qc3+ Qxc3 42. Rxc3 b5 43. Rc6 Nc4 44. Rc7+ Kf6 45. Rb7 Nd6 46. Rb6 Ke6 47. Kf3 Kd5 48. a3 Kc5 49. Rb8 Nf5 50. Rg8 Nd4+ 51. Ke4 Nc2 52. Rxg6 Nxa3 53. Rg5+ Kd6 54. Rxh5 b4 55. Rh3 Nc4 56. f5 b3 57. Kd4 b2 58. Rb3 b1=Q 59. Rxb1 Nd2 60. Rb6+ Ke7 61. Re6+ Kf7 62. Re2 Nf3+ 63. Ke4 Ng5+ 64. Kf4 Nh7 65. Ra2 Nf6 66. Ra7+ Kf8 67. Ra6 Nd5+ 68. Kg5 Ne7 69. Ra8+ Kf7 70. Ra7 Kf8 71. Rxe7 Kxe7 72. Kg6 Kf8 73. Kf6 Ke8 74. Kg7 Ke7 75. f6+ 1-0


[Site "https://www.chess.com"]